 Dungeon Crawl Stone Soup version 0.29-a0-330-g52719c12eb (webtiles) character file.

Game seed: 10619503908659179407

103 kae the Firebug (level 4, -2/27 HPs)
             Began as an Octopode Fire Elementalist on Apr 23, 2022.
             Succumbed to a kobold brigand's poison
             ... in a sewer.
             The game lasted 00:01:43 (2608 turns).

kae the Firebug (Octopode Fire Elementalist)        Turns: 2608, Time: 00:01:44

Health: -2/27      AC:  1    Str:  7    XL:     4   Next: 79%
Magic:  7/8        EV: 13    Int: 19    God:
Gold:   57         SH:  0    Dex: 12    Spells: 3/9 levels left

rFire   . . .      SeeInvis .   c - +0 spear
rCold   . . .      Faith    .   (no shield)
rNeg    . . .      Spirit   .   (helmet restricted)
rPois   .          Reflect  .   (no amulet)
rElec   .          Harm     .   (no ring)
rCorr   .          Rampage  .   (no ring)
Will    .....                   (no ring)
Stlth   ++++......              (no ring)
HPRegen 0.09/turn               (no ring)
MPRegen 0.11/turn               (no ring)
                                (no ring)
                                (no ring)

@: lethally poisoned (-2 -> -20), slowed, very slow
A: almost no armour, amphibious, 8 rings, camouflage 1, gelatinous body 1,
nimble swimmer 1, tentacles
a: no special abilities


You were in a sewer.
You visited 1 branch of the dungeon, and saw 3 of its levels.
You also visited: Sewer.

You collected 138 gold pieces.
You spent 81 gold pieces at shops.

Inventory:

Hand Weapons
 c - a +0 spear (weapon)
Scrolls
 b - 2 scrolls of blinking
 e - a scroll of enchant weapon {unknown}
 g - a scroll of identify
Potions
 a - a potion of magic
 d - a potion of attraction
 f - a potion of invisibility {unknown}
 j - a potion of curing {unknown}
 k - 2 potions of lignification
 l - a potion of haste {unknown}


   Skills:
 - Level 2.0 Dodging
 - Level 2.6 Stealth
 + Level 3.0 Spellcasting
 + Level 2.6 Conjurations
 + Level 3.9 Fire Magic


You had 3 spell levels left.
You knew the following spells:

 Your Spells              Type           Power      Damage    Failure   Level
a - Foxfire               Conj/Fire      60%        2x1d7     4%          1
b - Scorch                Fire           34%        2d7       4%          2
c - Conjure Flame         Conj/Fire      15%        6-21      12%         3

Your spell library contained the following spells:

 Spells                   Type           Power      Damage    Failure   Level
 Inner Flame              Hex/Fire       10%        N/A       21%         3
 Flame Wave               Conj/Fire      15%        2d6       36%         4


Dungeon Overview and Level Annotations

Branches:
Dungeon (3/15)              Sewer (1/1)

Altars:
Zin

Shops:
D:1 *


Innate Abilities, Weirdness & Mutations

You cannot wear most types of armour.
You are amphibious.
You can wear up to eight rings at the same time.
Your skin changes colour to match your surroundings (Stealth+).
Your rubbery body absorbs attacks. (AC +1, EV +1)
You are camouflaged when in or above water. (Stealth+)
You have tentacles for arms and can constrict up to eight enemies at once.


Message History

A rat comes into view.
A rat is nearby!
A rat is nearby!
Casting: Foxfire (safe; 4% risk of failure)
Confirm with . or Enter, or press ? or * to list all spells.
You conjure some foxfire!
The foxfire hits the rat.
You kill the rat!
Casting: Foxfire (safe; 4% risk of failure)
Confirm with . or Enter, or press ? or * to list all spells.
You conjure some foxfire!
Your foxfire dissipates!
Your foxfire dissipates! x2
Found a gate leading back out of this place.
The kobold brigand shouts!
The kobold brigand throws a curare-tipped dart.
The curare-tipped dart hits you.
You are poisoned.
You have difficulty breathing.
You feel yourself slow down.
Casting: Foxfire (safe; 4% risk of failure)
Confirm with . or Enter, or press ? or * to list all spells.
You conjure some foxfire!
The kobold brigand shouts!
You feel very sick.
The kobold brigand throws a poisoned dart.
The poisoned dart hits you!
You are lethally poisoned!
You feel extremely sick.
The foxfire hits the kobold brigand but does no damage.
The kobold brigand throws a poisoned dart.
The poisoned dart hits you!
You are more poisoned.
There is a lethal amount of poison in your body!
There is a lethal amount of poison in your body!
Unknown command.
* * * LOW HITPOINT WARNING * * *
You feel extremely sick.
Your foxfire dissipates!
It was a potion of lignification.
You feel woody for a moment.
You die...

≈..?≈#####.≈.∩.#### ...
≈≈≈≈≈≈.∩.≈≈≈≈) ?≈.
#####≈.≈..#### ≈≈≈
##.≈.## # #≈# ####≈##
#≈###.!.# #≈# #≈≈§§K∩?K
#≈# #≈# #≈# ##@## ##≈##
##.≈≈## ##≈≈.## #
..####.....#####≈....####
.†≈≈≈≈..∩§≈≈≈≈≈≈≈≈...≈≈≈≈
..####§§§≈≈#####..≈..####
##...## ##.≈.## # ##≈##
##≈## #≈# #≈# #≈# #≈#


There were no monsters in sight!

Vanquished Creatures
  4 adders
  A river rat (Sewer)
  2 dart slugs (D:1)
  3 orcs (D:3)
  7 ball pythons
  2 bats
  5 endoplasms
  2 giant cockroaches (D:1)
  4 goblins
  4 hobgoblins (D:1)
  5 quokkas
  3 frilled lizards
  6 kobolds
  3 rats
51 creatures vanquished.

Vanquished Creatures (others)
  154 foxfires
154 creatures vanquished.

Grand Total: 205 creatures vanquished

Notes
Turn   | Place    | Note
-------+----------+-------------------------------------------
     0 | D:1      | kae the Octopode Fire Elementalist began the quest for the
                  | Orb.
     0 | D:1      | Reached XP level 1. HP: 11/11 MP: 3/3
   206 | D:1      | Reached XP level 2. HP: 17/17 MP: 3/5
   686 | D:1      | Found a glowing silver altar of Zin.
   817 | D:1      | Reached XP level 3. HP: 17/21 MP: 4/6
   820 | D:1      | Learned a level 2 spell: Scorch
   824 | D:1      | Learned a level 3 spell: Conjure Flame
   962 | D:1      | Found Hexiy's Assorted Antiques.
  1045 | D:1      | Bought a lumpy emerald potion for 25 gold pieces
  1045 | D:1      | Bought a scroll labelled COAKHIO TUARRA for 28 gold pieces
  1045 | D:1      | Bought a scroll labelled UCSEYK XYATIOC for 28 gold pieces
  1571 | D:2      | Noticed an ogre
  1623 | D:2      | Reached XP level 4. HP: 25/27 MP: 3/8
  2109 | D:3      | Found a faded altar of an unknown god.
  2208 | D:3      | Found a glowing drain.
  2219 | Sewer    | Entered a sewer
  2604 | Sewer    | Noticed a kobold brigand
  2604 | Sewer    | Noticed a kobold brigand
  2608 | Sewer    | Succumbed to a kobold brigand's poison

Illustrated notes

Levels and vault maps discovered:
D:1:      amcnicky_arrival_wind_blow, layout_basic, serial_shops, shop,
          minmay_hexomino_r4
D:2:      layout_rooms
D:3:      layout_basic, chequers_ecumenical_altar_simple, portal_sewer_entry_e,
          hangedman_decor_peaks_small
Sewer:    sewer_co_15_rooms

Skill      XL: |  1  2  3  4 |
---------------+-------------+-----
Conjurations   | 2 |  2.6
Spellcasting   | 3 |  3.0
Dodging        | |  2.0
Stealth        | |  2.6
Fire Magic     | |  3.9

Action                   |  1- 3 |  4- 6 || total
-------------------------+-------+-------++-------
Melee: Unarmed           |     6 |       ||     6
       Spear             |    21 |     4 ||    25
       Constrict         |     8 |     2 ||    10
       Tentacles         |     4 |       ||     4
 Cast: Foxfire           |    49 |    38 ||    87
       Scorch            |       |     2 ||     2
  Use: Scroll            |     1 |     4 ||     5
       Potion            |       |     3 ||     3
 Stab: Sleeping          |     2 |       ||     2
Armor: Skin              |     2 |       ||     2
Dodge: Dodged            |    14 |     3 ||    17

Table legend: (Time is in decaauts)
 A = Elapsed time spent in this place.
 B = Non-inter-level travel time spent in this place.
 C = Inter-level travel time spent in this place.
 D = Time resting spent in this place.
 E = Time spent auto-exploring this place.
 F = Levels seen in this place.
 G = Mean time per level.
                   A        B        C        D        E       F      G
               +--------+--------+--------+--------+--------+-----+--------+
         Total |   2612 |   2495 |    117 |     18 |   2053 |   4 |  653.0 |
       Dungeon |   2222 |   2105 |    117 |     18 |   1725 |   3 |  740.7 |
         Sewer |    390 |    390 |      0 |      0 |    328 |   1 |  390.0 |
               +--------+--------+--------+--------+--------+-----+--------+

Top non-repeatable levels by time:
     D:1: 1493 daAuts
     D:2: 576 daAuts
   Sewer: 390 daAuts
     D:3: 153 daAuts
